 Dungeon Crawl Stone Soup version 0.23.2-1-ga50397a (webtiles) character file.

Game seed: 1543862334039588490

257676 Fang the Slayer (level 20, 0/148 HPs)
             Began as a Gargoyle Berserker on Apr 23, 2019.
             Was the Champion of Trog.
             Killed from afar by a Brimstone Fiend (43 damage)
             ... with damnation
             ... summoned by a deep elf demonologist
             ... on level 2 of the Vaults.
             The game lasted 01:02:32 (39248 turns).

Fang the Slayer (Gargoyle Berserker)               Turns: 39248, Time: 01:02:33

Health: 0/148      AC: 39    Str: 32    XL:     20   Next: 27%
Magic:  0/20       EV: 14    Int:  7    God:    Trog [******]
Gold:   2829       SH:  0    Dex: 16    Spells: 19/19 levels left

rFire    + . .     SeeInvis +   a - +9 war axe (flame)
rCold    + . .     Gourm    .   (no shield)
rNeg     + . .     Faith    .   w - +6 plate armour {rF+}
rPois    ∞         Spirit   +   x - +2 helmet
rElec    +         Reflect  .   M - +1 cloak of Focus {rElec rC+}
rCorr    .         Harm     .   (no gloves)
MR       +++..     Clarity  +   D - +0 pair of boots "Gioniugg" {Str+3 Int-2 Dex+5}
Stlth    ..........             A - amulet of guardian spirit
HPRegen  1.34/turn              y - ring of Shadows {Umbra +Inv Stlth+}
MPRegen  0.17/turn              H - +2 ring of slaying

@: about to teleport, flying, regenerating, wreathed by umbra
A: big wings, thin skeletal structure 1, see invisible, clarity, deformed body,
negative energy resistance 1, sense surroundings 1, electricity resistance,
unbreathing, petrification resistance, rot immunity, AC +15
}: 1/15 runes: barnacled
a: Stop Flying, Berserk, Trog's Hand, Brothers in Arms, Renounce Religion, Evoke
Invisibility


You were on level 2 of the Vaults.
You worshipped Trog.
Trog was exalted by your worship.
You were very hungry.

You visited 9 branches of the dungeon, and saw 35 of its levels.
You visited the Abyss 1 time.
You also visited: Ossuary and Bailey.

You collected 2880 gold pieces.
You spent 51 gold pieces at shops.

Inventory:

Hand Weapons
 a - a +9 war axe of flaming (weapon)
 k - a +1 executioner's axe of draining
 q - a +4 battleaxe
 z - a +2 antimagic executioner's axe
 I - a +2 executioner's axe of venom
 J - a +4 executioner's axe of chopping
 K - a +4 war axe of electrocution
 U - the +5 battleaxe of Trog's Castigation {speed, rElec Str+4 Int+4}
   (Trog gifted it to you on level 2 of the Elven Halls)

   Attacks with this weapon are significantly faster.
   It affects your strength (+4).
   It affects your intelligence (+4).
   It insulates you from electricity.
Armour
 b - the +0 chain mail of Intuition {MP+9 Str+6 SInv}
   (You found it on level 14 of the Dungeon)

   It affects your strength (+6).
   It affects your magic capacity (+9).
   It lets you see invisible.
 w - a +6 plate armour of fire resistance (worn)
 x - a +2 helmet (worn)
 D - the +0 pair of boots "Gioniugg" (worn) {Str+3 Int-2 Dex+5}
   (You found it on level 1 of the Lair of Beasts)

   It affects your strength (+3).
   It affects your intelligence (-2).
   It affects your dexterity (+5).
 M - the +1 cloak of Focus (worn) {rElec rC+}
   (You found it on level 6 of the Lair of Beasts)

   It protects you from cold.
   It insulates you from electricity.
 O - a +2 cloak of magic resistance
Jewellery
 l - a +2 ring of dexterity
 y - the ring of Shadows (left hand) {Umbra +Inv Stlth+}
   (You found it on level 11 of the Dungeon)

   [ring of stealth]

   It lets you turn invisible.
   It makes you more stealthy.
 A - an amulet of guardian spirit (around neck)
 B - a +5 ring of strength
 F - an uncursed ring of protection from fire
 H - a +2 ring of slaying (right hand)
 V - the ring of Eligri {*Contam rElec rF+ MR+ Dex+2, unknown}
   (You found it on level 2 of the Vaults)

   [ring of protection from magic]

   It affects your dexterity (+2).
   It protects you from fire.
   It insulates you from electricity.
   It affects your resistance to hostile enchantments.
   It causes magical contamination when unequipped.
Wands
 m - a wand of random effects (39)
 s - a wand of digging (11)
 t - a wand of flame (76)
 C - a wand of polymorph (26)
 L - a wand of iceblast (18)
 N - a wand of disintegration (16)
 P - a wand of enslavement (7)
 R - a wand of acid (9)
 W - a wand of paralysis (10)
Scrolls
 e - 7 scrolls of blinking
 g - 3 scrolls of fog
 h - 8 scrolls of teleportation
 i - 4 scrolls of fear
 n - 9 scrolls of identify
 p - 18 scrolls of remove curse
 S - 2 scrolls of magic mapping
 T - a scroll of brand weapon
Potions
 d - 16 potions of curing
 f - 4 potions of might
 j - 3 potions of heal wounds
 o - 3 potions of resistance
 r - 2 potions of brilliance
 u - 4 potions of cancellation
 v - 6 potions of haste
 E - 4 potions of agility
 G - 4 potions of ambrosia
 Q - a potion of invisibility
Comestibles
 c - 41 rations
 X - 12 chunks of flesh


   Skills:
 + Level 23.1 Fighting
 + Level 20.1 Axes
 - Level 12.0 Armour
 - Level 9.5 Dodging


You had 19 spell levels left.
You didn't know any spells.
Your spell library was empty.

Dungeon Overview and Level Annotations

Branches:
Dungeon (15/15)            Temple (1/1) D:6            Lair (6/6) D:8
 Shoals (4/4) Lair:2       Spider (0/4) Lair:4        Slime (0/5) Lair:5
    Orc (2/2) D:10            Elf (3/3) Orc:2        Vaults (2/5) D:14
 Depths (1/5) D:15           Hell (1/1)
  Crypt: Vaults:2-3     Dis: Hell:1         Geh: Hell:1         Coc: Hell:1
    Tar: Hell:1

Altars:
Ashenzari
Cheibriados
Dithmenos
Fedhas
Gozag
Hepliaklqana
Kikubaaqudgha
Makhleb
Nemelex Xobeh
Ru
Trog
Uskayaw
Vehumet
Wu Jian
Xom
Yredelemnul
Beogh

Shops:
D:4 *%[   D:5 :   D:9 [   D:10 }   Orc:1 *   Orc:2 %}*}   Elf:1 !   Elf:2 **
Shoals:2 *   Depths:1 [

Portals:
Hell: Depths:1
Pandemonium: Depths:1
Ziggurat: Depths:1

Annotations:
Lair:5 2 runed translucent doors, Pemander's ghost, journeyman GnSk
Elf:2 6 runed translucent doors, exclusion: obsidian statue, luxidream's ghost, adept KoMo
Hell Geryon


Innate Abilities, Weirdness & Mutations

You are resistant to torment.
Your stone body is resilient. (AC +15)
You are immune to poison.
Your large and strong wings let you fly indefinitely.
You resist negative energy. (rN+)
You are resistant to electric shocks. (rElec)
You can survive without breathing.
You are immune to petrification.
You are immune to rotting.
You have a somewhat thin skeletal structure. (Dex +2, Stealth)
You have supernaturally acute eyesight. (SInv)
You possess an exceptional clarity of mind.
Armour fits poorly on your strangely shaped body.
You passively map a small area around you.


Message History

The hellwing hits your stone giant!
The hellwing hits your stone giant but does no damage.
You feel much better.
Your stone giant hits the hellwing!!
The hellwing dies!
The hellion hits your stone giant but does no damage.
The deep elf demonologist hits your stone giant with a +0 rapier.
Your stone giant hits the hellion!!
The hellion dies!
The Brimstone Fiend closely misses you.
The Brimstone Fiend hits you but does no damage. x2
As you read the scroll of teleportation, it crumbles to dust.
You feel strangely unstable.
Your stone giant hits the Brimstone Fiend but does no damage.
The smoke demon hits your stone giant but does no damage. x3
Send 'em back where they came from!
Trog shields your ally from puny magic!
The deep elf archer shoots an arrow.
The arrow hits you but does no damage. The Brimstone Fiend gestures at you.
The sphere of damnation explodes!
The damnation engulfs you!!!
You die...

#..#######..#..# * #..#
,,#..#..# #..+, , #..#..#
,, ,, #..# , #..#..# , ,
#############..###########
..........................
..........)...............
,
..........))..............
..........).....@1C3...e..
..#######+##.......e......
..# , ,, ,#.......e......
..#,, ,,#...###########*
..#, ,, #...# , ..#, , >
#...# ..# , #...# ..# ,
,#...# ..###### *


You could see a Brimstone Fiend, a deep elf demonologist, 2 deep elf archers, a
smoke demon and a friendly stone giant (berserk).

Vanquished Creatures
  Nikola (Shoals:3)
  Rupert (D:13)
  2 liches
  A kraken (Shoals:4)
  A tentacled starspawn (Abyss:2)
  Kirke (Shoals:3)
  Ilsuiw (Shoals:3)
  A fire giant (Depths:1)
  A frost giant (Depths:1)
  2 orc warlords
  3 vault wardens (Vaults:2)
  2 deep elf sorcerers
  An angel (Abyss:2)
  5 ironheart preservers
  A deep elf demonologist (Elf:1)
  A lorocyproca (Depths:1)
  Nessos (Lair:6)
  2 deep elf annihilators
  2 ettins
  Snorg (Lair:6)
  8 merfolk javelineers
  2 merfolk impalers (Shoals:3)
  The ghost of Inchmeat the Severer, a journeyman HOGl of Ru (D:10)
  Erolcha (Orc:2)
  3 yaktaur captains
  A monstrous demonspawn (Depths:1)
  2 ice dragons
  A vault guard (D:14)
  A great orb of eyes (Depths:1)
  4 hydras
  3 merfolk aquamancers (Shoals:4)
  4 merfolk avatars
  2 satyrs
  2 catoblepae
  9 centaur warriors
  Erica (Lair:2)
  17 two-headed ogres
  A death knight (D:15)
  4 ogre magi
  2 alligator snapping turtles
  11 dancing weapons
  A tengu warrior (D:15)
  6 orc high priests
  A vampire mage (Depths:1)
  5 death yaks
  Sonja (Lair:6)
  21 deep elf knights
  A shadow wraith (Vaults:2)
  3 skeletal warriors
  4 unseen horrors
  11 sea snakes
  A deep troll (D:15)
  An obsidian statue (Shoals:2)
  A glowing orange brain (Depths:1)
  14 deep elf archers
  2 phantasmal warriors (D:15)
  4 wizards
  6 orc knights
  A necromancer (D:14)
  3 ironbrand convokers
  45 deep elf magi
  35 harpies
  A wolf spider (D:15)
  9 fauns
  An orb spider (Lair:4)
  31 ugly things
  9 cyclopes
  A cyclops (shapeshifter) (Elf:1)
  5 orc sorcerers
  Maurice (D:12)
  10 manticores
  5 black mambas
  15 merfolk sirens
  3 elephants (Lair:5)
  6 water nymphs
  An eye of devastation (Lair:5)
  28 spiny frogs
  6 torpor snails
  2 smoke demons (Abyss:2)
  3 gargoyles
  3 freezing wraiths
  4 komodo dragons
  An ice devil (Depths:1)
  11 yaktaurs
  3 rime drakes
  A tengu conjurer (D:14)
  A red devil (Depths:1)
  An ancient zyme (Abyss:2)
  19 merfolk
  A queen bee (shapeshifter) (Vaults:1)
  5 meliai
  7 trolls
  A polar bear (Lair:6)
  A hornet (Vaults:1)
  7 wind drakes
  29 blink frogs
  Grinder (D:6)
  16 hippogriffs
  7 tyrant leeches
  20 dream sheep
  16 slime creatures
  9 snapping turtles
  6 starcursed masses (Abyss:2)
  2 wraiths
  2 air elementals (Elf:1)
  2 vampires
  8 water elementals
  4 shadows
  A spriggan (D:10)
  A spriggan (shapeshifter) (Elf:2)
  3 ynoxinuls (Abyss:2)
  47 yaks
  4 hogs (Shoals:3)
  2 wyverns
  A yak (shapeshifter) (Vaults:2)
  21 humans (D:14)
  5 basilisks
  4 fire elementals
  3 hungry ghosts
  16 vampire mosquitoes
  A neqoxec (Depths:1)
  Grum (Lair:1)
  Menkaure (D:5)
  Edmund (D:5)
  6 wargs
  A small abomination (Abyss:2)
  4 swamp worms (Lair:3)
  A soldier ant (D:13)
  2 acid dragons (D:15)
  9 water moccasins
  11 porcupines
  10 ice beasts
  3 eyes of draining
  53 orc warriors
  A phantom (D:9)
  3 black bears
  28 ogres
  2 sky beasts
  3 boggarts (Vaults:2)
  A necrophage (D:5)
  11 wolves
  15 centaurs
  6 crocodiles
  9 big kobolds
  3 earth elementals
  32 bullfrogs
  A wyvern zombie (D:9)
  A gnoll sergeant (D:9)
  A scorpion (D:4)
  6 jellies
  5 killer bees (D:6)
  5 howler monkeys
  7 wights
  4 electric eels
  11 crimson imps
  6 centaur zombies
  2 bullfrog zombies (D:10)
  A quasit (D:12)
  6 hounds
  6 bullfrog skeletons
  37 orc priests
  25 orc wizards
  7 centaur skeletons
  2 gnoll shamans (D:6)
  A hell rat (Lair:4)
  8 iguanas
  Natasha (thrice) (D:2)
  8 worker ants
  A killer bee zombie (D:7)
  2 ogre zombies (Ossuary)
  A hound skeleton (D:5)
  7 mummies (Ossuary)
  Robin (D:4)
  A worker ant zombie (D:11)
  9 gnolls
  8 adders
  3 shadow imps
  2 white imps (Abyss:2)
  An ooze (D:3)
  5 adder zombies (Ossuary)
  An adder skeleton (D:5)
  3 worms (D:2)
  3 dart slugs (D:2)
  7 leopard geckos
  124 orcs
  4 giant cockroaches
  24 goblins
  11 hobgoblins
  7 jackals
  7 quokkas
  3 ball pythons
  10 bats
  3 frilled lizards
  4 goblin zombies
  6 hobgoblin zombies (Ossuary)
  39 kobolds
  6 kobold zombies (Ossuary)
  A leopard gecko skeleton (D:5)
  A quokka skeleton (D:4)
  4 quokka zombies
  6 rats
  3 rat zombies (Ossuary)
  8 fungi
  13 plants
  2 starspawn tentacles (Abyss:2)
  6 tentacles (Shoals:4)
1429 creatures vanquished.

Vanquished Creatures (collateral kills)
  An ironheart preserver (Vaults:1)
  A merfolk impaler (Shoals:4)
  A slime creature (Vaults:1)
  A harpy (Shoals:4)
  2 deep elf magi (Elf:1)
  A faun (Shoals:2)
  An ugly thing (D:10)
  A merfolk (Shoals:2)
  A meliai (D:13)
  An eye of draining (D:13)
  A centaur (Depths:1)
  A kobold (D:13)
13 creatures vanquished.

Vanquished Creatures (others)
  A sea snake (Shoals:3)
  A harpy (Shoals:4)
  A deep elf mage (Elf:1)
  A merfolk siren (Shoals:3)
  A water elemental (Elf:2)
  3 humans (Shoals:3)
  An ettin simulacrum (Abyss:2)
  A small abomination (Abyss:2)
  A bullfrog (Lair:5)
  6 fungi
  42 plants
  4 starspawn tentacles (Abyss:2)
  7 tentacles (Shoals:4)
  2 withered plants (D:10)
72 creatures vanquished.

Grand Total: 1514 creatures vanquished

Notes
Turn   | Place    | Note
-------+----------+-------------------------------------------
     0 | D:1      | Fang the Gargoyle Berserker began the quest for the Orb.
     0 | D:1      | Reached XP level 1. HP: 14/14 MP: 1/1
   324 | D:1      | Reached XP level 2. HP: 19/19 MP: 2/2
   782 | D:2      | Reached XP level 3. HP: 23/23 MP: 3/3
   791 | D:2      | Reached ** piety under Trog
   821 | D:2      | Noticed Natasha
   838 | D:2      | Killed Natasha
   838 | D:2      | Reached XP level 4. HP: 18/29 MP: 4/4
  1233 | D:2      | Noticed Natasha
  1238 | D:2      | Found a hazy altar of Hepliaklqana.
  1256 | D:2      | Killed Natasha
  1256 | D:2      | Reached skill level 4 in Fighting
  1334 | D:2      | Noticed Natasha
  1344 | D:2      | Killed Natasha
  1344 | D:2      | Reached XP level 5. HP: 25/33 MP: 5/5
  1947 | D:3      | Reached XP level 6. HP: 39/39 MP: 6/6
  2440 | D:3      | Found a sparkling altar of Nemelex Xobeh.
  2453 | D:4      | Found Ciolouh's Assorted Antiques.
  2466 | D:4      | Reached *** piety under Trog
  2480 | D:4      | Reached skill level 5 in Fighting
  2517 | D:4      | Reached XP level 7. HP: 44/44 MP: 7/7
  2528 | D:4      | Found an ornate altar of the Wu Jian Council.
  2551 | D:4      | Found Tokaf's Armour Boutique.
  2555 | D:4      | Found a burning altar of Makhleb.
  2626 | D:4      | Found a snail-covered altar of Cheibriados.
  2674 | D:4      | HP: 2/66 [ogre/+0 giant spiked club (16)]
  3067 | D:4      | Found an ancient bone altar of Kikubaaqudgha.
  3068 | D:4      | Found a shimmering altar of Xom.
  3091 | D:4      | Found a hide-covered altar of Uskayaw.
  3105 | D:4      | Found Umifamirph's Food Shop.
  3141 | D:4      | Noticed Robin
  3141 | D:4      | Identified the +4 hand axe of the Secret Shrikes {vamp,
                  | rF++}
  3163 | D:4      | Killed Robin
  3290 | D:5      | Entered Level 5 of the Dungeon
  3347 | D:5      | Found a sand-covered staircase.
  3480 | Ossuary  | Entered an ossuary
  3672 | Ossuary  | Reached skill level 5 in Armour
  3765 | Ossuary  | Reached **** piety under Trog
  3825 | Ossuary  | Reached XP level 8. HP: 51/51 MP: 8/8
  3902 | Ossuary  | Reached skill level 6 in Fighting
  4167 | D:5      | Reached skill level 5 in Axes
  4184 | D:5      | Found a snail-covered altar of Cheibriados.
  4184 | D:5      | Noticed Menkaure
  4195 | D:5      | Killed Menkaure
  4484 | D:5      | Noticed Edmund
  4528 | D:5      | Killed Edmund
  4622 | D:5      | Reached ***** piety under Trog
  4634 | D:5      | Found Xulit's Book Shoppe.
  4919 | D:6      | Found a staircase to the Ecumenical Temple.
  4949 | Temple   | Entered the Ecumenical Temple
  4966 | D:6      | Found an opulent altar of Gozag.
  5050 | D:6      | Reached skill level 7 in Fighting
  5050 | D:6      | Reached XP level 9. HP: 57/57 MP: 9/9
  5113 | D:6      | Reached skill level 5 in Dodging
  5545 | D:6      | Received a gift from Trog
  5977 | D:6      | Noticed Grinder
  5982 | D:6      | Killed Grinder
  5982 | D:6      | Reached skill level 8 in Fighting
  6458 | D:7      | Reached XP level 10. HP: 55/64 MP: 10/10
  6740 | D:7      | Found a basalt altar of Yredelemnul.
  6911 | D:7      | Found a sparkling altar of Nemelex Xobeh.
  7254 | D:8      | Found a flagged portal.
  7275 | Bailey   | Entered a bailey
  7874 | D:8      | Found a staircase to the Lair.
  7874 | D:8      | Noticed a death yak
  7888 | D:8      | Killed a death yak
  7888 | D:8      | Reached skill level 9 in Fighting
  7971 | D:8      | Found a shadowy altar of Dithmenos.
  8494 | D:8      | Found a sacrificial altar of Ru.
  8610 | D:9      | Found a blossoming altar of Fedhas.
  8778 | D:9      | Found Ceceimof's Armour Emporium.
  8912 | D:9      | Received a gift from Trog
  8958 | D:9      | Reached XP level 11. HP: 61/71 MP: 11/11
  9115 | D:9      | Reached ****** piety under Trog
  9596 | D:10     | Entered Level 10 of the Dungeon
  9596 | D:10     | Noticed an unseen horror
  9605 | D:10     | Killed an unseen horror
  9614 | D:10     | Reached skill level 10 in Fighting
  9789 | D:10     | Received a gift from Trog
 10118 | D:10     | Found a staircase to the Orcish Mines.
 10169 | D:10     | Reached skill level 10 in Armour
 10497 | D:10     | Found Paamyxza's Gadget Shoppe.
 10540 | D:10     | Found a runed translucent door.
 10540 | D:10     | Noticed Inchmeat's ghost (journeyman HOGl)
 10541 | D:10     | Found the +8 storm bow {elec}
 10665 | D:10     | Noticed an orc knight
 10665 | D:10     | Noticed a centaur warrior
 10670 | D:10     | Found a runed translucent door.
 10738 | D:10     | Noticed an unseen horror
 10742 | D:10     | Killed an unseen horror
 10800 | D:10     | Noticed a white ugly thing
 10802 | D:10     | Noticed a centaur warrior
 10802 | D:10     | Noticed a skeletal warrior
 11246 | D:10     | Killed a centaur warrior
 11246 | D:10     | Reached XP level 12. HP: 77/79 MP: 12/12
 11290 | D:10     | Reached skill level 11 in Fighting
 11700 | Lair:1   | Entered Level 1 of the Lair of Beasts
 11932 | Lair:1   | Got a pair of warped boots
 11938 | Lair:1   | Identified the cursed +0 pair of boots "Gioniugg" {Str+3
                  | Int-2 Dex+5} (You found it on level 1 of the Lair of
                  | Beasts)
 12030 | Lair:1   | Noticed Grum
 12047 | Lair:1   | Killed Grum
 12511 | Lair:1   | Gained mutation: Your flesh is cold resistant. (rC+)
                  | [potion of mutation]
 12511 | Lair:1   | Gained mutation: Your magical capacity is low. (-10% MP)
                  | [potion of mutation]
 12511 | Lair:1   | Gained mutation: Potions are less effective at restoring
                  | your health. [potion of mutation]
 12511 | Lair:1   | Gained mutation: You are resistant to hostile enchantments.
                  | (MR+) [potion of mutation]
 12512 | Lair:1   | Lost mutation: You are resistant to hostile enchantments.
                  | (MR+) [potion of mutation]
 12512 | Lair:1   | Lost mutation: Potions are less effective at restoring your
                  | health. [potion of mutation]
 12512 | Lair:1   | Lost mutation: Your magical capacity is low. (-10% MP)
                  | [potion of mutation]
 12512 | Lair:1   | Lost mutation: Your flesh is cold resistant. (rC+) [potion
                  | of mutation]
 12512 | Lair:1   | Gained mutation: You are clumsy. (Dex -2) [potion of
                  | mutation]
 12512 | Lair:1   | Gained mutation: You are partially covered in slimy green
                  | scales. (AC +2) [potion of mutation]
 12513 | Lair:1   | Lost mutation: You are clumsy. (Dex -2) [potion of
                  | mutation]
 12513 | Lair:1   | Lost mutation: You are partially covered in slimy green
                  | scales. (AC +2) [potion of mutation]
 12513 | Lair:1   | Gained mutation: You are agile. (Dex +2) [potion of
                  | mutation]
 12513 | Lair:1   | Gained mutation: Your body sometimes deteriorates upon
                  | taking damage. [potion of mutation]
 12513 | Lair:1   | Gained mutation: You possess an exceptional clarity of
                  | mind. [potion of mutation]
 12514 | Lair:1   | Lost mutation: You are agile. (Dex +2) [potion of mutation]
 12514 | Lair:1   | Lost mutation: Your body sometimes deteriorates upon taking
                  | damage. [potion of mutation]
 12514 | Lair:1   | Gained mutation: You passively map a small area around you.
                  | [potion of mutation]
 12514 | Lair:1   | Gained mutation: You have supernaturally acute eyesight.
                  | (SInv) [potion of mutation]
 12514 | Lair:1   | Gained mutation: You are frail. (-10% HP) [potion of
                  | mutation]
 12514 | Lair:1   | Gained mutation: You expend magic power (3 MP) to
                  | strengthen your wands. [potion of mutation]
 12517 | Lair:1   | Lost mutation: You expend magic power (3 MP) to strengthen
                  | your wands. [potion of mutation]
 12517 | Lair:1   | Lost mutation: You are frail. (-10% HP) [potion of
                  | mutation]
 12517 | Lair:1   | Gained mutation: You are frail. (-10% HP) [potion of
                  | mutation]
 12517 | Lair:1   | Lost mutation: You are frail. (-10% HP) [potion of
                  | mutation]
 12517 | Lair:1   | Gained mutation: You have a somewhat thin skeletal
                  | structure. (Dex +2, Stealth) [potion of mutation]
 12709 | Lair:2   | Got a faintly glowing zirconium amulet
 12743 | Lair:2   | Identified the amulet of Doczu {Harm *Drain Slay+3} (You
                  | found it on level 2 of the Lair of Beasts)
 12824 | Lair:2   | Found a staircase to the Shoals.
 12969 | Lair:2   | Noticed Erica
 12982 | Lair:2   | Killed Erica
 12982 | Lair:2   | Reached skill level 10 in Axes
 13018 | Lair:2   | You fall through a shaft!
 13047 | Lair:3   | Noticed a catoblepas
 13062 | Lair:3   | Killed a catoblepas
 13484 | Lair:3   | Received a gift from Trog
 13486 | Lair:3   | Reached skill level 12 in Fighting
 13645 | Lair:3   | Reached XP level 13. HP: 80/86 MP: 11/13
 14846 | Lair:4   | Reached skill level 13 in Fighting
 14996 | Lair:4   | Identified a scroll of acquirement
 15293 | Lair:4   | Found a hole to the Spider Nest.
 15909 | Lair:4   | Found a snail-covered altar of Cheibriados.
 16260 | Lair:5   | Found a staircase to the Slime Pits.
 16365 | Lair:5   | Found a large runed translucent door.
 16365 | Lair:5   | Found a large runed translucent door.
 16369 | Lair:5   | Noticed Pemander's ghost (journeyman GnSk)
 16943 | Lair:6   | Entered Level 6 of the Lair of Beasts
 16968 | Lair:6   | Gained mutation: Your large and strong wings let you fly
                  | indefinitely. [Gargoyle growth]
 16968 | Lair:6   | Reached XP level 14. HP: 95/95 MP: 14/14
 16976 | Lair:6   | Reached skill level 14 in Fighting
 17034 | Lair:6   | Received a gift from Trog
 17264 | Lair:6   | Noticed Sonja
 17293 | Lair:6   | Killed Sonja
 17293 | Lair:6   | Reached skill level 15 in Fighting
 17530 | Lair:6   | Noticed Nessos
 17534 | Lair:6   | Got a jewelled cloak
 17558 | Lair:6   | Killed Nessos
 17615 | Lair:6   | Noticed Snorg
 17630 | Lair:6   | Killed Snorg
 18024 | Lair:6   | Identified the +1 cloak of Focus {rElec rC+} (You found it
                  | on level 6 of the Lair of Beasts)
 18623 | D:11     | Received a gift from Trog
 18666 | D:11     | Found a frozen archway.
 18707 | D:11     | Found the ring of Shadows {Umbra +Inv Stlth+}
 19617 | D:12     | Reached XP level 15. HP: 104/104 MP: 15/15
 19801 | D:12     | Noticed Maurice
 19816 | D:12     | Killed Maurice
 19966 | D:12     | Reached skill level 16 in Fighting
 20255 | D:13     | Noticed Rupert
 20273 | D:13     | Killed Rupert
 20968 | D:13     | Received a gift from Trog
 21300 | D:14     | Found a shattered altar of Ashenzari.
 21585 | D:14     | Got a twisted chain mail
 21586 | D:14     | Identified the cursed +0 chain mail of Intuition {MP+9
                  | Str+6 SInv} (You found it on level 14 of the Dungeon)
 21760 | D:14     | Reached skill level 17 in Fighting
 21762 | D:14     | Received a gift from Trog
 21780 | D:14     | Found a gate to the Vaults.
 21975 | D:14     | Found an ornate altar of the Wu Jian Council.
 22009 | D:15     | Entered Level 15 of the Dungeon
 22176 | D:15     | Found a staircase to the Depths.
 22185 | D:15     | Reached skill level 15 in Axes
 22197 | D:15     | Reached XP level 16. HP: 50/112 MP: 8/16
 22966 | D:15     | Reached skill level 18 in Fighting
 23434 | D:10     | Killed Inchmeat's ghost
 23894 | Orc:1    | Entered Level 1 of the Orcish Mines
 24019 | Orc:1    | Found Agudit's Assorted Antiques.
 24042 | Orc:1    | Received a gift from Trog
 24195 | Orc:1    | Found a roughly hewn altar of Beogh.
 24205 | Orc:1    | Identified the +4 scimitar "Rainosh" {drain, *Contam Str+7}
 24305 | Orc:1    | Got a distressingly furry chain mail
 24309 | Orc:1    | Identified the cursed +0 chain mail "Keimu" {rC- rN++ MR++}
                  | (You found it on level 1 of the Orcish Mines)
 24452 | Orc:2    | Entered Level 2 of the Orcish Mines
 24482 | Orc:2    | Noticed Erolcha
 24484 | Orc:2    | Killed Erolcha
 24543 | Orc:2    | Found a roughly hewn altar of Beogh.
 24572 | Orc:2    | Paralysed by an orc sorcerer for 2 turns
 24649 | Orc:2    | Found Vejots's Gadget Boutique.
 24668 | Orc:2    | Found Unuestri's Assorted Antiques.
 25208 | Orc:2    | Found a roughly hewn altar of Beogh.
 25241 | Orc:2    | Found Xisk's Gadget Boutique.
 25435 | Orc:2    | Found Paorutre's Food Shop.
 25454 | Orc:2    | Received a gift from Trog
 25887 | Orc:2    | Found a staircase to the Elven Halls.
 26206 | Elf:1    | Entered Level 1 of the Elven Halls
 26265 | Elf:1    | Reached skill level 19 in Fighting
 26281 | Elf:1    | Reached XP level 17. HP: 98/122 MP: 14/17
 26373 | Elf:1    | Received a gift from Trog
 26713 | Elf:1    | Found Mupp's Distillery.
 28220 | Depths:1 | Entered Level 1 of the Depths
 28521 | Depths:1 | Found a one-way gate leading to the halls of Pandemonium.
 28528 | Depths:1 | Received a gift from Trog
 28540 | Depths:1 | Gained mutation: Armour fits poorly on your strangely
                  | shaped body. [a neqoxec]
 28867 | Shoals:1 | Entered Level 1 of the Shoals
 29272 | Shoals:1 | Reached skill level 20 in Fighting
 30389 | Shoals:2 | Found Nagukaw's General Store.
 30685 | Shoals:2 | Bought a scroll of teleportation for 51 gold pieces
 30803 | Shoals:2 | Reached XP level 18. HP: 67/130 MP: 12/18
 31353 | Shoals:3 | Noticed Kirke
 31747 | Shoals:3 | Killed Kirke
 31768 | Shoals:3 | Received a gift from Trog
 32110 | Shoals:3 | Noticed Ilsuiw
 32167 | Shoals:3 | Killed Ilsuiw
 32657 | Shoals:3 | Noticed Nikola
 32689 | Shoals:3 | Killed Nikola
 32689 | Shoals:3 | Reached skill level 21 in Fighting
 33451 | Shoals:4 | Entered Level 4 of the Shoals
 33680 | Shoals:4 | Received a gift from Trog
 34838 | Shoals:4 | Got a barnacled rune of Zot
 34863 | Shoals:4 | Cast into level 2 of the Abyss (merfolk impaler)
 34959 | Abyss:2  | Paralysed by accursed screaming for 1 turns
 34987 | Abyss:2  | Received a gift from Trog
 35103 | Abyss:2  | Reached XP level 19. HP: 121/138 MP: 17/19
 35178 | Shoals:4 | Escaped the Abyss
 35484 | Elf:2    | Found Jiyjyon's Assorted Antiques.
 35858 | Elf:2    | Found a runed translucent gate.
 35887 | Elf:2    | Found a runed translucent gate.
 35887 | Elf:2    | Found a runed translucent gate.
 35901 | Elf:2    | Received a gift from Trog
 35904 | Elf:2    | Got a shimmering battleaxe {god gift}
 35905 | Elf:2    | Identified the +5 battleaxe of Trog's Castigation {speed,
                  | rElec Str+4 Int+4} (Trog gifted it to you on level 2 of the
                  | Elven Halls)
 35918 | Elf:2    | Reached skill level 22 in Fighting
 36072 | Elf:2    | Found a runed translucent gate.
 36072 | Elf:2    | Found a runed translucent gate.
 36072 | Elf:2    | Found an opulent altar of Gozag.
 36072 | Elf:2    | Found Ugyduryck's Assorted Antiques.
 36074 | Elf:2    | Found a runed translucent gate.
 36076 | Elf:2    | Noticed luxidream's ghost (adept KoMo)
 36236 | Elf:3    | Entered Level 3 of the Elven Halls
 36528 | Depths:1 | Found a gateway to a ziggurat.
 36533 | Depths:1 | Found a gateway to Hell.
 36564 | Hell     | Entered the Vestibule of Hell
 36564 | Hell     | Noticed Geryon
 36585 | Depths:1 | Found Geneepta's Antique Armour Shop.
 36645 | Depths:1 | Noticed a lich
 36657 | Depths:1 | Killed a lich
 36840 | Vaults:1 | Entered Level 1 of the Vaults
 37634 | Vaults:1 | Received a gift from Trog
 38005 | Vaults:1 | Noticed a lich
 38014 | Vaults:1 | Killed a lich
 38825 | Vaults:2 | Got a flickering wooden ring
 38842 | Vaults:2 | Reached XP level 20. HP: 134/147 MP: 18/20
 39005 | Vaults:2 | Reached skill level 23 in Fighting
 39075 | Vaults:2 | Received a gift from Trog
 39075 | Vaults:2 | Paralysed by a wizard for 7 turns
 39245 | Vaults:2 | Noticed a Brimstone Fiend
 39248 | Vaults:2 | Killed from afar by a Brimstone Fiend

Skill      XL: |  1  2  3  4  5  6  7  8  9 10 11 12 13 14 15 16 17 18 19 20 |
---------------+-------------------------------------------------------------+-----
Axes           | 3 4 5 6 8 9 10 11 13 15 16 17 18 19 20 | 20.1
Dodging        | 2 3 4 5 7 8 9 |  9.5
Armour         | 3 4 5 6 7 9 10 11 12 | 12.0
Fighting       | 4 5 7 8 9 10 12 13 15 17 19 20 21 22 23 | 23.1

Action                   |  1- 3 |  4- 6 |  7- 9 | 10-12 | 13-15 | 16-18 | 19-21 || total
-------------------------+-------+-------+-------+-------+-------+-------+-------++-------
Melee: Hand axe          |    85 |   198 |   491 |       |       |       |       ||   774
       War axe           |       |       |   186 |   626 |   987 |  1484 |   513 ||  3796
Invok: Berserk           |     1 |     3 |     5 |     5 |     5 |     6 |       ||    25
       Trog's Hand       |       |       |       |     2 |       |     7 |     2 ||    11
       Brothers in Arms  |       |       |       |     1 |     1 |     3 |     3 ||     8
 Abil: Fly               |       |       |       |       |     1 |       |       ||     1
  Use: Scroll            |       |       |    19 |    15 |    11 |    19 |     5 ||    69
       Potion            |       |       |       |     5 |       |     3 |     1 ||     9
 Stab: Distracted        |       |       |       |       |       |       |     1 ||     1
  Eat: Chunk             |       |     9 |    13 |    36 |    29 |    39 |    12 ||   138
       Ration            |       |       |     2 |       |     1 |     4 |     1 ||     8
Armor: Animal skin       |     8 |       |       |       |       |       |       ||     8
       Chain mail        |    61 |   125 |   495 |    57 |       |       |       ||   738
       Plate armour      |       |       |       |   394 |   540 |   972 |   296 ||  2202
Dodge: Dodged            |    49 |   100 |   350 |   405 |   657 |  1016 |   314 ||  2891
